 Dungeon Crawl Stone Soup version 0.29.0-4-gdea44cf6ec (webtiles) character file.

Game seed: 14500586138603003625

71 qw the Caller (level 4, -1/36 HPs)
             Began as a Ghoul Summoner on Sept 9, 2022.
             Slain by an iguana (2 damage)
             ... on level 3 of the Dungeon.
             The game lasted 00:01:14 (3296 turns).

qw the Caller (Ghoul Summoner)                      Turns: 3296, Time: 00:01:15

Health: -1/36      AC:  7    Str: 13    XL:     4   Next: 24%
Magic:  5/5        EV: 13    Int: 10    God:
Gold:   200        SH:  0    Dex:  9    Spells: 5/6 levels left

rFire   . . .      SeeInvis .   Y - +0 trident
rCold   + . .      Faith    .   (no shield)
rNeg    + + +      Spirit   .   d - +0 scale mail
rPois   inf        Reflect  .   (no helmet)
rElec   .          Harm     .   (no cloak)
rCorr   .          Rampage  .   g - +0 pair of gloves
Will    .....                   (no boots)
Stlth   ..........              (no amulet)
HPRegen 0.00/turn               f - +4 ring of evasion
MPRegen 0.09/turn               (no ring)

@: inhibited regen
A: claws 1, cold resistance 1, negative energy resistance 3, inhibited
regeneration, torment resistance 2, devour on kill
a: no special abilities


You were on level 3 of the Dungeon.
You visited 1 branch of the dungeon, and saw 3 of its levels.

You collected 227 gold pieces.
You spent 27 gold pieces at shops.


Innate Abilities, Weirdness & Mutations

You are immune to poison.
You have sharp fingernails.
Your flesh is cold resistant. (rC+)
You are immune to negative energy. (rN+++)
You do not regenerate when monsters are visible.
You are immune to unholy pain and torment.
You thrive by killing the living.


   Skills:
 - Level 2.0 Fighting
 + Level 2.8 Axes
 - Level 1.7 Dodging
 - Level 2.1 Stealth
 - Level 1.7 Spellcasting
 - Level 3.6 Summonings


You had 5 spell levels left.
You knew the following spells:

 Your Spells              Type           Power      Damage    Failure   Level
a - Summon Small Mammal   Summ           32%        N/A       36%         1

Your spell library contained the following spells:

 Spells                   Type           Power      Damage    Failure   Level
 Call Imp                 Summ           8%         N/A       50%         2
 Call Canine Familiar     Summ           8%         N/A       73%         3
 Summon Guardian Golem    Hex/Summ       4%         N/A       93%         3
 Summon Lightning Spire   Summ/Air       4%         N/A       100%        4

Inventory:

Hand Weapons
 Y - a +0 trident (weapon)
Armour
 d - a +0 scale mail (worn)
 g - a +0 pair of gloves (worn)
Jewellery
 f - a +4 ring of evasion (left hand)
Scrolls
 c - a scroll of vulnerability {unknown}
 h - a scroll of identify
Potions
 a - a potion of flight {unknown}
 b - a potion of brilliance {unknown}
 e - a potion of curing {unknown}
 i - a potion of heal wounds {unknown}

Dungeon Overview and Level Annotations

Branches:
Dungeon (3/15)

Altars:

Shops:
D:1 *


Message History

Press: ? - help, Dir - move target, f - iguana You barely miss the iguana.
You barely miss the iguana. The iguana misses you.
You barely miss the iguana. The iguana completely misses you.
You closely miss the iguana. The iguana bites you!
You barely miss the iguana. The iguana closely misses you.
The iguana bites you.
You hit the iguana but do no damage.
The iguana bites you but does no damage.
You closely miss the iguana. The iguana bites you!
You hit the iguana.
The iguana is lightly wounded.
The iguana misses you.
You closely miss the iguana.
The iguana is lightly wounded.
The iguana closely misses you.
The iguana bites you but does no damage.
You hit the iguana but do no damage.
The iguana is lightly wounded.
The iguana closely misses you.
You closely miss the iguana.
The iguana is lightly wounded.
The iguana bites you!
You hit the iguana but do no damage.
The iguana is lightly wounded.
The iguana bites you but does no damage.
You hit the iguana.
The iguana is moderately wounded.
The iguana barely misses you. The iguana bites you.
You closely miss the iguana.
The iguana is moderately wounded.
The iguana barely misses you.
You hit the iguana but do no damage.
The iguana is moderately wounded.
The iguana bites you.
You die...

######################
..........%...<.......
#######.....########## #
#.###.# # #.# #%# # #.#
#.# # #.# #.##########.#
#######.###.##..........
................@l.....#
......##(#..##.#########
......##.#..##.#
......##....##.#
......####..##.#
#.########..##.#######
......................
#.########.###.#######
...............#


You could see an iguana.

Vanquished Creatures
  2 adders (D:2)
  A worm (D:3)
  A dart slug (D:2)
  5 endoplasms
  A giant cockroach (D:1)
  3 goblins
  2 hobgoblins
  8 kobolds
  2 quokkas
  2 ball pythons
  8 bats
  2 frilled lizards (D:2)
  A rat (D:2)
  A spectral hobgoblin (D:1)
39 creatures vanquished.

Vanquished Creatures (collateral kills)
  A bat (D:1)
  A quokka (D:1)
  A ball python (D:1)
  A frilled lizard (D:1)
  A rat (D:1)
5 creatures vanquished.

Grand Total: 44 creatures vanquished

Notes
Turn   | Place    | Note
-------+----------+-------------------------------------------
     0 | D:1      | qw the Ghoul Summoner began the quest for the Orb.
     0 | D:1      | Reached XP level 1. HP: 14/14 MP: 2/2
     0 | D:1      | 0 ||| qw: Version: 0.1-a-113-g051387a
     0 | D:1      | 0 ||| qw: Game counter: 6915
     0 | D:1      | 0 ||| qw: Always use a shield: true
     0 | D:1      | 0 ||| qw: God list: Okawaru
     0 | D:1      | 0 ||| qw: Allow faded altars: false
     0 | D:1      | 0 ||| qw: Do Orc after D:15 true
     0 | D:1      | 0 ||| qw: Do second Lair branch before Depths: true
     0 | D:1      | 0 ||| qw: Lair rune preference: random
     0 | D:1      | 0 ||| qw: Plans: Normal
     0 | D:1      | 0 ||| PLANNING D:1-11
    23 | D:1      | 23 ||| CASTING Summon Small Mammal
    24 | D:1      | 24 ||| CASTING Summon Small Mammal
   136 | D:1      | 136 ||| Wielding weapon +0 short sword.
   161 | D:1      | 161 ||| CASTING Summon Small Mammal
   162 | D:1      | 162 ||| CASTING Summon Small Mammal
   218 | D:1      | 218 ||| CASTING Summon Small Mammal
   219 | D:1      | 219 ||| CASTING Summon Small Mammal
   267 | D:1      | 267 ||| CASTING Summon Small Mammal
   268 | D:1      | 268 ||| CASTING Summon Small Mammal
   274 | D:1      | Reached skill level 1 in Axes
   393 | D:1      | 393 ||| CASTING Summon Small Mammal
   394 | D:1      | 394 ||| CASTING Summon Small Mammal
   519 | D:1      | 519 ||| CASTING Summon Small Mammal
   520 | D:1      | 520 ||| CASTING Summon Small Mammal
   526 | D:1      | Reached XP level 2. HP: 22/22 MP: 0/3
   584 | D:1      | Found Vebbeont's Assorted Antiques.
   591 | D:1      | 591 ||| BUYING blue potion (27 gold).
   591 | D:1      | Bought a blue potion for 27 gold pieces
   591 | D:1      | 591 ||| SHOPLISTING bubbling silvery potion (27 gold, have
                  | 2).
   591 | D:1      | 591 ||| SHOPLISTING long sword (105 gold, have 2).
   591 | D:1      | 591 ||| SHOPLISTING scroll labelled BOECWE BUORAOG (30
                  | gold, have 2).
   591 | D:1      | 591 ||| SHOPLISTING scroll labelled JEKEME PIDGH (30 gold,
                  | have 2).
   591 | D:1      | 591 ||| SHOPLISTING scroll labelled VURONYKHUI (30 gold,
                  | have 2).
   617 | D:1      | 617 ||| CASTING Summon Small Mammal
   618 | D:1      | 618 ||| CASTING Summon Small Mammal
   619 | D:1      | 619 ||| CASTING Summon Small Mammal
   620 | D:1      | Reached skill level 1 in Fighting
   723 | D:1      | 723 ||| CASTING Summon Small Mammal
   724 | D:1      | 724 ||| CASTING Summon Small Mammal
   725 | D:1      | 725 ||| CASTING Summon Small Mammal
   762 | D:1      | Found a faded altar of an unknown god.
   763 | D:1      | 763 ||| CASTING Summon Small Mammal
   764 | D:1      | 764 ||| CASTING Summon Small Mammal
   765 | D:1      | 765 ||| CASTING Summon Small Mammal
   842 | D:1      | 842 ||| CASTING Summon Small Mammal
   843 | D:1      | 843 ||| CASTING Summon Small Mammal
   844 | D:1      | 844 ||| CASTING Summon Small Mammal
   854 | D:1      | 854 ||| CASTING Summon Small Mammal
   865 | D:1      | 865 ||| CASTING Summon Small Mammal
  1037 | D:1      | 1037 ||| SWAPPING to +0 spear.
  1038 | D:1      | 1038 ||| DROPPING +0 short sword.
  1059 | D:1      | 1059 ||| CASTING Summon Small Mammal
  1060 | D:1      | 1060 ||| CASTING Summon Small Mammal
  1061 | D:1      | 1061 ||| CASTING Summon Small Mammal
  1102 | D:1      | 1102 ||| CASTING Summon Small Mammal
  1103 | D:1      | 1103 ||| CASTING Summon Small Mammal
  1104 | D:1      | 1104 ||| CASTING Summon Small Mammal
  1224 | D:1      | 1224 ||| CASTING Summon Small Mammal
  1225 | D:1      | 1225 ||| CASTING Summon Small Mammal
  1226 | D:1      | 1226 ||| CASTING Summon Small Mammal
  1265 | D:1      | 1265 ||| CASTING Summon Small Mammal
  1266 | D:1      | 1266 ||| CASTING Summon Small Mammal
  1267 | D:1      | 1267 ||| CASTING Summon Small Mammal
  1277 | D:1      | 1277 ||| CASTING Summon Small Mammal
  1495 | D:1      | 1495 ||| CASTING Summon Small Mammal
  1496 | D:1      | 1496 ||| CASTING Summon Small Mammal
  1497 | D:1      | 1497 ||| CASTING Summon Small Mammal
  1507 | D:1      | 1507 ||| CASTING Summon Small Mammal
  1512 | D:1      | Reached XP level 3. HP: 14/28 MP: 0/4
  1715 | D:1      | 1715 ||| CASTING Summon Small Mammal
  1716 | D:1      | 1716 ||| CASTING Summon Small Mammal
  1717 | D:1      | 1717 ||| CASTING Summon Small Mammal
  1718 | D:1      | 1718 ||| CASTING Summon Small Mammal
  1901 | D:1      | 1901 ||| UPGRADING to +0 scale mail.
  1911 | D:1      | 1911 ||| DROPPING +0 robe.
  1912 | D:1      | 1912 ||| UPGRADING to +0 pair of gloves.
  1917 | D:1      | 1917 ||| UPGRADING to +4 ring of evasion.
  1918 | D:1      | 1918 ||| READING scroll labelled TUCODE PECEO.
  1919 | D:1      | 1919 ||| READING scroll labelled ASOALE NUNOV.
  1920 | D:1      | 1920 ||| DROPPING potion of magic.
  2001 | D:2      | 2001 ||| FLEEEEING.
  2010 | D:2      | 2010 ||| STAIRDANCE
  2257 | D:2      | 2257 ||| Stepping ~*~*~tactically~*~*~ (stealth).
  2632 | D:2      | 2632 ||| SWAPPING to +0 trident.
  2633 | D:2      | 2633 ||| DROPPING +0 spear.
  2694 | D:2      | Reached XP level 4. HP: 36/36 MP: 5/5
  2954 | D:2      | 2954 ||| READING scroll labelled BOECWE BUORAOG.
  2955 | D:2      | 2955 ||| READING scroll labelled JEKEME PIDGH.
  3027 | D:3      | 3027 ||| Stepping ~*~*~tactically~*~*~ (reaching).
  3029 | D:3      | 3029 ||| Stepping ~*~*~tactically~*~*~ (reaching).
  3030 | D:3      | 3030 ||| Stepping ~*~*~tactically~*~*~ (reaching).
  3032 | D:3      | 3032 ||| Stepping ~*~*~tactically~*~*~ (reaching).
  3033 | D:3      | 3033 ||| Stepping ~*~*~tactically~*~*~ (reaching).
  3035 | D:3      | 3035 ||| Stepping ~*~*~tactically~*~*~ (reaching).
  3036 | D:3      | 3036 ||| Stepping ~*~*~tactically~*~*~ (reaching).
  3038 | D:3      | 3038 ||| Stepping ~*~*~tactically~*~*~ (reaching).
  3039 | D:3      | 3039 ||| Stepping ~*~*~tactically~*~*~ (reaching).
  3041 | D:3      | 3041 ||| Stepping ~*~*~tactically~*~*~ (reaching).
  3042 | D:3      | 3042 ||| Stepping ~*~*~tactically~*~*~ (reaching).
  3044 | D:3      | 3044 ||| Stepping ~*~*~tactically~*~*~ (reaching).
  3045 | D:3      | 3045 ||| Stepping ~*~*~tactically~*~*~ (reaching).
  3047 | D:3      | 3047 ||| Stepping ~*~*~tactically~*~*~ (reaching).
  3048 | D:3      | 3048 ||| Stepping ~*~*~tactically~*~*~ (reaching).
  3050 | D:3      | 3050 ||| Stepping ~*~*~tactically~*~*~ (reaching).
  3052 | D:3      | 3052 ||| Stepping ~*~*~tactically~*~*~ (reaching).
  3053 | D:3      | 3053 ||| Stepping ~*~*~tactically~*~*~ (reaching).
  3055 | D:3      | 3055 ||| Stepping ~*~*~tactically~*~*~ (reaching).
  3056 | D:3      | 3056 ||| Stepping ~*~*~tactically~*~*~ (reaching).
  3170 | D:3      | 3170 ||| Stepping ~*~*~tactically~*~*~ (stealth).
  3292 | D:3      | HP: 3/36 [iguana (9)]
  3294 | D:3      | HP: 1/36 [iguana (2)]
  3296 | D:3      | Slain by an iguana

Levels and vault maps discovered:
D:1:      erik_arrival_orb_chamber, layout_loops_corners,
          dreamdust_ecumenical_altar_drowned_temple, serial_shops, shop,
          minmay_split_cup_small
D:2:      layout_basic, minmay_misc_feat_room, minmay_misc_feat_nine_boxes
D:3:      layout_basic

Skill      XL: |  1  2  3 |
---------------+----------+-----
Axes           | 1 2 |  2.8
Fighting       | 1 2 |  2.0
Dodging        | |  1.7
Stealth        | |  2.1
Spellcasting   | |  1.7
Summonings     | |  3.6

Action                   |  1- 3 |  4- 6 || total
-------------------------+-------+-------++-------
Melee: Short sword       |    36 |       ||    36
       Unarmed           |     7 |       ||     7
       Punch             |     4 |       ||     4
       Spear             |   118 |       ||   118
       Trident           |    20 |    43 ||    63
 Cast: Summon Small Mamm |    43 |       ||    43
  Use: Scroll            |     2 |     2 ||     4
Armor: Robe              |    16 |       ||    16
       Scale mail        |    31 |    10 ||    41
Dodge: Dodged            |   125 |    17 ||   142

Table legend:
 A = Non-vault XP
 B = Vault XP
 C = Vault XP percentage of total XP
 D = Non-vault monster count
 E = Vault monster count
 F = Vault count percentage of total count
                 A         B        C        D         E       F
            +---------+---------+-------+---------+---------+-------
      Total |      95 |       7 |   6.9 |      40 |       4 |   9.1
            +---------+---------+-------+---------+---------+-------
        D:1 |      29 |       7 |  19.4 |      17 |       4 |  19.0
        D:2 |      55 |       0 |   0.0 |      19 |       0 |   0.0
        D:3 |      11 |       0 |   0.0 |       4 |       0 |   0.0
            +---------+---------+-------+---------+---------+-------
